[Event "Early-Titled-Tuesday-Blitz-February-20-2024"]
[Site "Chess.com"]
[Date "2024.02.20"]
[Round "8"]
[White "guillembaches"]
[Black "jens1102"]
[Result "0-1"]
[WhiteElo "2529"]
[BlackElo "2719"]
[TimeControl "180+1"]
[EndTime "9:30:39 PST"]
[Termination "jens1102 won on time"]

1. e4 c5 2. Nf3 Nc6 3. d4 cxd4 4. Nxd4 Nf6 5. Nc3 e5 6. Ndb5 d6 7. Nd5 Nxd5 8. exd5 Nb8 9. a4 Be7 10. Be2 O-O 11.
Bd2 Nd7 12. a5 f5 13. Bb4 Nf6 14. O-O f4 15. Re1 Bf5 16. c4 Qd7 17. a6 b6 18.
Bf1 g5 19. Ra3 g4 20. Bd2 h5 21. b4 h4 22. g3 hxg3 23. hxg3 f3 24. c5 dxc5 25. d6 Bxd6 26. Bh6 Rfd8 27. Nxd6 Qxd6 28. Qxd6 Rxd6 29. bxc5 bxc5 30. Rxe5 Ne4 31. Bf4 Rf6 32. Re3 Nd2 33. Re8+ Rxe8 34. Rxe8+ Kf7 35. Ra8 Nxf1 36.
Kxf1 Rxa6 37. Ke1 c4 38. Be3 Ra1+ 39. Kd2 a5 40. Kc3 Bd3 41. Ra7+ Ke6 42. Kd4 a4 43.
Ra6+ Kd7 44. Bf4 a3 45. Kd5 a2 46. Ra7+ Ke8 47. Be5 Rd1 48. Ke6 Be4 49. Rxa2 c3 0-1

[Event "Early-Titled-Tuesday-Blitz-February-20-2024"]
[Site "Chess.com"]
[Date "2024.02.20"]
[Round "8"]
[White "kibromNNN"]
[Black "Ezov"]
[Result "0-1"]
[WhiteElo "1753"]
[BlackElo "2168"]
[TimeControl "180+1"]
[EndTime "9:30:39 PST"]
[Termination "Ezov won by resignation"]

1. d4 d5 2. c4 c6 3. Nc3 Nf6 4.
cxd5 cxd5 5. Bg5 e6 6. Nf3 Be7 7. e3 O-O 8. Bd3 h6 9. Bh4 b6 10. O-O Bb7 11. Ne5 Nbd7 12. Bg3 Nxe5 13. Bxe5 Ne4 14.
Rc1 Rc8 15. Nxe4 dxe4 16. Bb5 f6 17. Bg3 Rxc1 18. Qxc1 Bd6 19. Bc4 Bd5 20. b3 Bxg3 21. hxg3 Qd6 22. Ba6 Rf7 23. Rd1 Rc7 24. Qb2 Qc6 25.
Rd2 Qc1+ 26. Qxc1 Rxc1+ 27. Kh2 Kf7 28. g4 Ke7 29. Kg3 g6 30. Be2 Kd6 31. Rb2 Kc6 32. Rd2 b5 33. Rb2 b4 34. Rd2 Rc3 35. Bd1 Kb5 36. Rc2 a5 37. Rxc3 bxc3 38. Bc2 Kb4 39.
f3 exf3 40. gxf3 g5 41. e4 Bc6 42. f4 Ka3 43. fxg5 hxg5 44. Kf3 Kb2 45. Bd3 c2 46.
Bxc2 Kxc2 0-1

[Event "Early-Titled-Tuesday-Blitz-February-20-2024"]
[Site "Chess.com"]
[Date "2024.02.20"]
[Round "8"]
[White "adotand"]
[Black "zverr1"]
[Result "1-0"]
[WhiteElo "2922"]
[BlackElo "2546"]
[TimeControl "180+1"]
[EndTime "9:30:40 PST"]
[Termination "adotand won on time"]

1. Nf3 g6 2. c4 Nf6 3. g3 Bg7 4.
Bg2 c6 5. O-O d5 6. d3 O-O 7.
Nbd2 Bg4 8. h3 Bxf3 9. Bxf3 e6 10. Bg2 Nbd7 11. Qc2 Rc8 12. Nf3 Qe7 13. Rb1 a5 14. b3 e5 15. e4 dxe4 16. dxe4 Nc5 17. Ba3 b6 18. Rfd1 Rfd8 19. Ne1 Bf8 20. Bb2 Qe6 21.
Nf3 Nfxe4 22. Nxe5 f5 23. Nf3 Bg7 24. Nd4 Qf7 25. a3 Ne6 26. Nf3 Bxb2 27. Qxb2 Qg7 28. Ne5 c5 29. Re1 Rd4 30. Nf3 Rdd8 31. Qc2 Nd4 32.
Nxd4 Qxd4 33. Bxe4 fxe4 34. Rxe4 Qd3 35. Qxd3 Rxd3 36.
Re6 Rb8 37. a4 Kf7 38. Rbe1 Rxb3 39. Re7+ Kf6 40. R1e6+ Kf5 41. Kg2 h5 42. Rc6 Rd8 43.
Rf7+ Ke5 44. Rxg6 Rb4 45. Rf4 Rxa4 46. Rxb6 Rd4 47. Rff6 Rdxc4 48. Rbe6+ Kd5 49. Rd6+ Ke4 50. Rfe6+ Kf5 51. Rh6 Ke4 52. Rxh5 Ra1 53. Rh4+ Ke5 54. Rhh6 a4 55. Rhe6+ Kf5 56. Rf6+ Ke4 57. g4 Rd4 58. Ra6 Kd5 59. g5 Rdd1 60. Kf3 1-0

[Event "Early-Titled-Tuesday-Blitz-February-20-2024"]
[Site "Chess.com"]
[Date "2024.02.20"]
[Round "8"]
[White "Natalya_Buksa"]
[Black "TitarovVasiliYouTube"]
[Result "1-0"]
[WhiteElo "2603"]
[BlackElo "2522"]
[TimeControl "180+1"]
[EndTime "9:30:41 PST"]
[Termination "Natalya_Buksa won by resignation"]

1. d4 d5 2. Nc3 Bf5 3. Bf4 c6 4. e3 Nf6 5. Nf3 e6 6. Ne5 Nbd7 7. g4 Bg6 8. h4 h5 9. Nxg6 fxg6 10. Bd3 Kf7 11.
g5 Ng8 12. Qf3 Ndf6 13. gxf6 gxf6 14. Rg1 Ne7 15. O-O-O Nf5 16. Bxf5 exf5 17. Qg3 Rg8 18. f3 Bb4 19. Nb1 Qa5 20. a3 Be7 21. e4 dxe4 22. fxe4 fxe4 23. Qb3+ Qd5 24. Qxb7 Rad8 25. Nc3 Qf5 26.
Rgf1 Qe6 27. Be5 f5 28. Nxe4 Rd7 29. Qb3 Qxb3 30. cxb3 Bxh4 31. Nc5 Re7 32. Kc2 Bf6 33. Nd3 h4 34. Rf4 Rh8 35. Rh1 h3 36. Rf3 h2 37. Rf2 Bxe5 38. Nxe5+ Kf6 39. Rfxh2 Rxh2+ 40. Rxh2 c5 41. Nf3 Re3 42. Rf2 cxd4 43. Nxd4 Ke5 44. Nc6+ Kd6 45. Nxa7 g5 46. Rxf5 g4 47. Rg5 g3 48. a4 Rf3 49. Nb5+ Kc6 50. Nd4+ Kb6 51. Nxf3 Ka6 52. Rxg3 Ka7 53. Kc3 Ka8 54. b4 Kb8 55.
Kc4 Kc8 56. Kc5 Kd8 57. b5 Ke8 1-0

[Event "Early-Titled-Tuesday-Blitz-February-20-2024"]
[Site "Chess.com"]
[Date "2024.02.20"]
[Round "8"]
[White "CristianS27"]
[Black "ZuraTqebuchava"]
[Result "1-0"]
[WhiteElo "2554"]
[BlackElo "2282"]
[TimeControl "180+1"]
[EndTime "9:30:41 PST"]
[Termination "CristianS27 won on time"]

1. e4 g6 2. d4 Bg7 3. Nc3 c6 4. Nf3 d6 5. h3 Nd7 6. Bc4 d5 7.
exd5 Nb6 8. Bb3 Nxd5 9. O-O Ngf6 10. Ne5 O-O 11. Re1 Be6 12. Bg5 Nxc3 13. bxc3 Bxb3 14. axb3 Qc7 15. Qf3 a6 16. Re2 Nd5 17. Bh4 Bf6 18.
Bg3 Qc8 19. Rae1 Rd8 20. h4 Qf5 21. Qxf5 gxf5 22. c4 Nc3 23. Re3 Ne4 24. c3 Nxg3 25. Rxg3+ Kf8 26. h5 h6 27. Nd3 a5 28. Rf3 e6 29. g4 a4 30. gxf5 exf5 31. Rxf5 Bg7 32. bxa4 Rxa4 33. Nf4 Kg8 34. Re7 Rf8 35. c5 Rc4 36.
Ne2 Ra4 37. Rxb7 Ra2 38. Re7 Rc2 39. Kg2 Ra2 40. Kf3 Rc2 41. Rc7 Ra2 42. Rxc6 Rc2 43. d5 Re8 44. Ng3 Rxc3+ 45. Kg2 Rc2 46. d6 Ree2 47. Nxe2 1-0

[Event "Early-Titled-Tuesday-Blitz-February-20-2024"]
[Site "Chess.com"]
[Date "2024.02.20"]
[Round "8"]
[White "Larina_Maria"]
[Black "dianamirza"]
[Result "1-0"]
[WhiteElo "2284"]
[BlackElo "1994"]
[TimeControl "180+1"]
[EndTime "9:30:41 PST"]
[Termination "Larina_Maria won by checkmate"]

1. e4 c5 2. Nc3 e6 3. Nf3 a6 4. d4 cxd4 5. Nxd4 b5 6. g3 Bb7 7. Bg2 Nf6 8. a3 Qc7 9. O-O Be7 10. Re1 O-O 11. Bg5 h6 12. Be3 Nc6 13. f4 Nxd4 14. Bxd4 Bc5 15. h3 Rac8 16. Kh2 Bxd4 17. Qxd4 d5 18. e5 Nd7 19. Qd2 Qc5 20. Rac1 a5 21. Ne2 b4 22. axb4 axb4 23. Nd4 Nb6 24. b3 Qc3 25. Qf2 Nd7 26. f5 Nc5 27. Nb5 Qb2 28. Nd6 Nd3 29. Qd2 Nxc1 30. Rxc1 Rc7 31. f6 Qxe5 32. fxg7 Qxg7 33. Nxb7 Rxb7 34. Rf1 Rc8 35.
Rf4 Rbc7 36. Rg4 Rxc2 37. Qd4 Qxg4 38. Qxg4+ Kf8 39. Qxb4+ Ke8 40. Qb5+ Ke7 41. Qb4+ Kf6 42. Qh4+ Ke5 43. Qxh6 d4 44. Qf4# 1-0

[Event "Early-Titled-Tuesday-Blitz-February-20-2024"]
[Site "Chess.com"]
[Date "2024.02.20"]
[Round "8"]
[White "BilicVladimir"]
[Black "Bilan_Danila"]
[Result "1-0"]
[WhiteElo "2643"]
[BlackElo "2476"]
[TimeControl "180+1"]
[EndTime "9:30:42 PST"]
[Termination "BilicVladimir won on time"]

1. c4 c6 2. d4 d5 3. Nc3 Nf6 4.
Nf3 e6 5. e3 Nbd7 6. Bd2 Bd6 7.
Bd3 dxc4 8. Bxc4 e5 9. O-O O-O 10. dxe5 Nxe5 11. Nxe5 Bxe5 12. h3 Bf5 13. e4 Nxe4 14.
Nxe4 Bxe4 15. Re1 Qd4 16. Qc1 Bd5 17. Bc3 Qxc4 18. Rxe5 f6 19. Re7 Rf7 20. Qe3 Raf8 21. Rxf7 Rxf7 22. Qxa7 h5 23. a3 Re7 24. Qb8+ Kh7 25.
Qg3 h4 26. Qg4 Qxg4 27. hxg4 Re4 28. f3 Re2 29. Re1 Rxe1+ 30. Bxe1 b5 31. Bxh4 Kg6 32.
Kf2 f5 33. gxf5+ Kxf5 34. g4+ Ke6 35. f4 Bb3 36. Ke3 Bd1 37. f5+ Kd5 38. Kf4 Kd6 39.
Kg5 Kd7 40. Be1 Ke8 41. Bc3 Kf7 42. Kf4 g6 43. f6 Bc2 44. g5 Ke6 45. Ke3 Bb3 46.
Kd4 Kf5 47. Kc5 Bd5 48. Bd2 Ke4 49. Kb4 Ke5 50. b3 Ke6 51. a4 bxa4 52. bxa4 Kd6 53.
Be3 Kc7 54. Kc5 Bf7 55. a5 Bd5 56. a6 Kb8 57. Kd6 Ka8 58. Bc5 1-0

[Event "Early-Titled-Tuesday-Blitz-February-20-2024"]
[Site "Chess.com"]
[Date "2024.02.20"]
[Round "8"]
[White "wild3000"]
[Black "viktorgen2021"]
[Result "1-0"]
[WhiteElo "2431"]
[BlackElo "2519"]
[TimeControl "180+1"]
[EndTime "9:30:42 PST"]
[Termination "wild3000 won by resignation"]

1. e4 g6 2. Nf3 Bg7 3. d4 d6 4. g3 Nf6 5. Nc3 O-O 6. Bg2 c6 7. O-O Nbd7 8. Re1 e5 9. h3 b5 10. a3 Qc7 11. Be3 Re8 12. Qd2 Bb7 13.
Rad1 Rad8 14. dxe5 Nxe5 15. Nxe5 dxe5 16. Qc1 a5 17. Rxd8 Rxd8 18. Rd1 Rxd1+ 19. Qxd1 Bf8 20.
Qd2 h5 21. f4 h4 22. g4 exf4 23. Bxf4 Bc5+ 24. Kh1 Qb6 25. Bg5 Nh7 26. Bd8 Qa7 27.
Bxh4 b4 28. Qd8+ Kg7 29. Ne2 bxa3 30. bxa3 Ba6 31. Nf4 Qb7 32. Qd1 Be3 33. Qa1+ Kg8 34. Nd3 Bxd3 35. cxd3 Qb3 36. Bf1 Bf4 37. Kg2 Qc2+ 38.
Kf3 Qd2 39. Qe1 Qh2 40. Qf2 Qh1+ 41. Kxf4 f6 42. Ke3 Kg7 43. Bg3 Ng5 44. Qg2 Qxh3 45. Qxh3 1-0

[Event "Early-Titled-Tuesday-Blitz-February-20-2024"]
[Site "Chess.com"]
[Date "2024.02.20"]
[Round "8"]
[White "CSB7"]
[Black "Young_Catalan_Player09"]
[Result "1/2-1/2"]
[WhiteElo "2758"]
[BlackElo "2572"]
[TimeControl "180+1"]
[EndTime "9:30:43 PST"]
[Termination "Game drawn - insufficient material"]

1. e4 c5 2. Nc3 a6 3. Nf3 d6 4. d4 cxd4 5. Nxd4 Nf6 6. Be2 e5 7. Nf3 Be7 8. Bg5 Be6 9. Bxf6 Bxf6 10. Nd5 Nd7 11. O-O O-O 12. a4 Nc5 13. Nxf6+ gxf6 14. Nd2 d5 15. exd5 Qxd5 16. Bf3 e4 17. c4 Qe5 18. b4 exf3 19. Nxf3 Qc7 20. bxc5 Qxc5 21. Qc1 Rad8 22. Qf4 Qf5 23. Qxf5 Bxf5 24. Rfc1 Rd7 25. h3 Rc8 26. Ra3 b5 27. axb5 axb5 28. Rac3 Rd3 29. c5 b4 30. Rxd3 Bxd3 31. Nd4 Kf8 32. Rd1 Bc4 33. c6 Ke7 34. Rb1 Kd6 35. Rxb4 Kc5 36.
Nc2 Rxc6 37. Rb2 Re6 38. Ne3 Bd3 39. Rd2 Kd4 40. Kh2 Kc3 41. Rd1 f5 42. Kg3 Rg6+ 43. Kf4 Rb6 44. Rc1+ Kd2 45. Rc5 Ke2 46. Rd5 Be4 47.
Re5 Kxf2 48. Nxf5 Bxf5 49. Rxf5 Rb4+ 50. Kg5+ Kxg2 51. Rxf7 Kxh3 52. Rxh7+ Kg3 53. Rg7 Rg4+ 54. Kh6 Rxg7 55. Kxg7 1/2-1/2

[Event "Early-Titled-Tuesday-Blitz-February-20-2024"]
[Site "Chess.com"]
[Date "2024.02.20"]
[Round "8"]
[White "JSPrepz"]
[Black "IMRosen"]
[Result "1-0"]
[WhiteElo "2858"]
[BlackElo "2665"]
[TimeControl "180+1"]
[EndTime "9:30:44 PST"]
[Termination "JSPrepz won by checkmate"]

1. e4 c5 2. Nf3 Nc6 3. b4 cxb4 4.
d4 d5 5. exd5 Qxd5 6. c4 bxc3 7.
Nxc3 Qa5 8. d5 Qxc3+ 9. Bd2 Qf6 10. dxc6 bxc6 11. Rc1 e5 12. Bd3 Ba3 13. Rb1 Ne7 14. Qa4 Bd6 15. Ng5 Bf5 16. Ne4 Bxe4 17. Qxe4 g6 18. h4 h6 19. h5 g5 20. O-O Qg7 21. Rb7 O-O 22. Bc3 Nd5 23. Ba1 a5 24. g3 Rab8 25.
Ra7 Ra8 26. Rb7 Kh8 27. Qf5 Rae8 28. Qd7 Qf6 29. Qxc6 Nb4 30. Qe4 Nxd3 31. Qxd3 Kg8 32. Rb6 Re6 33. Qe4 Qe7 34. Rb5 f5 35. Qc4 Re8 36.
Rd1 Kh7 37. Rbd5 Bb4 38. Rd7 e4 39. Qxe6 e3 40. Qg6# 1-0

[Event "Early-Titled-Tuesday-Blitz-February-20-2024"]
[Site "Chess.com"]
[Date "2024.02.20"]
[Round "8"]
[White "a-z30"]
[Black "Ariadna_Atreides"]
[Result "1-0"]
[WhiteElo "2486"]
[BlackElo "2187"]
[TimeControl "180+1"]
[EndTime "9:30:45 PST"]
[Termination "a-z30 won on time"]

1. d3 Nf6 2. Nf3 d5 3. g3 c6 4. Bg2 Bf5 5. O-O h6 6. c4 e6 7.
cxd5 exd5 8. Nc3 Be7 9. e4 dxe4 10. dxe4 Qxd1 11. Rxd1 Bg4 12. h3 Bxf3 13. Bxf3 Nbd7 14. Bf4 O-O-O 15. Rac1 g5 16. Be3 Ne5 17. Be2 Rxd1+ 18.
Rxd1 b6 19. f4 gxf4 20. gxf4 Rg8+ 21. Kf2 Ng6 22. e5 Nd7 23. Bg4 Nf8 24. Ne4 Kc7 25. Nd6 Bxd6 26. Rxd6 Rg6 27. Rd1 Rg7 28. Kf3 Ne6 29. Ke4 Ndc5+ 30. Kf5 Rh7 31. Kf6 Nd7+ 32. Rxd7+ Kxd7 33. f5 Nc5 34. e6+ fxe6 35. fxe6+ Kd8 36.
Bf5 Re7 37. Bxh6 Re8 38. Bg5 Rf8+ 39. Kg7+ Ke8 40. Bg6+ 1-0

[Event "Early-Titled-Tuesday-Blitz-February-20-2024"]
[Site "Chess.com"]
[Date "2024.02.20"]
[Round "8"]
[White "lrestevez"]
[Black "margarita_2703"]
[Result "0-1"]
[WhiteElo "2197"]
[BlackElo "2387"]
[TimeControl "180+1"]
[EndTime "9:30:45 PST"]
[Termination "margarita_2703 won by resignation"]

1. e4 e5 2. Nf3 Nc6 3. Bc4 Nf6 4. Ng5 d5 5. exd5 Na5 6. Bb5+ Bd7 7. Qe2 Bd6 8. Bxd7+ Qxd7 9. Nc3 O-O 10. O-O c6 11. dxc6 Nxc6 12. d3 Nd4 13. Qd1 Rfe8 14. Nge4 Nxe4 15.
Nxe4 f5 16. Nxd6 Qxd6 17. c3 Ne6 18. Be3 Rad8 19. Qb3 b6 20. Rad1 Kh8 21. d4 e4 22.
Bc1 Qe7 23. Rfe1 Qf6 24. Qa4 Qf7 25. Qc2 h6 26. Qe2 Qg6 27. f4 Nc7 28. Kh1 Nd5 29.
g3 Nf6 30. c4 Ng4 31. d5 Qd6 32. h3 Nf6 33. Be3 Rc8 34. b3 Kh7 35. Kg2 g6 36. Bd4 Nh5 37. Be5 Rxe5 38. fxe5 Qxe5 39. Qe3 Re8 40.
d6 f4 41. gxf4 Nxf4+ 42. Kh1 Qf5 43. d7 Rd8 44. Rf1 g5 45. Rd5 Qe6 46. Rd4 Rxd7 47.
Qxe4+ Qxe4+ 48. Rxe4 Nxh3 49. Kh2 Nf4 50. Rf2 Kg6 51.
Kg3 h5 52. Rexf4 gxf4+ 53. Kxf4 Rf7+ 54. Kg3 h4+ 55. Kg2 Rxf2+ 56. Kxf2 Kf5 57. Kg2 Ke4 58. Kh3 Kd3 59. Kxh4 Kc3 60. Kg3 a5 61. Kf4 Kb2 62. Ke3 Kxa2 63. b4 axb4 64. Kd3 b3 65. Kd4 b2 0-1

[Event "Early-Titled-Tuesday-Blitz-February-20-2024"]
[Site "Chess.com"]
[Date "2024.02.20"]
[Round "8"]
[White "DenLaz"]
[Black "Szparu"]
[Result "1-0"]
[WhiteElo "3031"]
[BlackElo "2781"]
[TimeControl "180+1"]
[EndTime "9:30:46 PST"]
[Termination "DenLaz won by checkmate"]

1. d4 d5 2. c4 e6 3. Nf3 Nf6 4. g3 Be7 5. Bg2 O-O 6. O-O c6 7. Qc2 b6 8. b3 Bb7 9. Rd1 Nbd7 10. Nc3 c5 11. cxd5 Nxd5 12. Nxd5 Bxd5 13. e4 Bb7 14. d5 exd5 15. exd5 Bf6 16. Rb1 Re8 17. Bf4 Nf8 18. h4 Ng6 19. Be3 Ne5 20. Bf4 Nxf3+ 21. Bxf3 Be5 22. Bxe5 Rxe5 23. Rd2 Qd6 24. Rbd1 Rae8 25. Kg2 h5 26. Qc3 g6 27. a3 a5 28. Qc4 Re1 29. Qb5 Kg7 30. Qd3 Rxd1 31. Rxd1 Re5 32. Qc3 Kg8 33. Qc4 Rf5 34. Qe4 Kg7 35.
Rd2 b5 36. Qd3 c4 37. bxc4 bxc4 38. Qxc4 Qxa3 39. Qd4+ Kh7 40. Be4 Bc8 41. Bxf5 Bxf5 42. d6 Bd7 43. Qd5 Kg7 44. Qe5+ Kh7 45. Rc2 Qa4 46.
Rc7 Bc6+ 47. Kh2 Qc2 48. Rxf7+ Kg8 49. Qg7# 1-0

[Event "Early-Titled-Tuesday-Blitz-February-20-2024"]
[Site "Chess.com"]
[Date "2024.02.20"]
[Round "8"]
[White "stratacticos"]
[Black "lasRojas"]
[Result "0-1"]
[WhiteElo "1990"]
[BlackElo "2283"]
[TimeControl "180+1"]
[EndTime "9:30:46 PST"]
[Termination "lasRojas won on time"]

1. e4 c5 2. b4 d5 3. exd5 Qxd5 4. Nf3 e5 5. c4 Qe6 6. Be2 Nc6 7. b5 Nd4 8. Nxd4 exd4 9. O-O Bd6 10. Re1 Ne7 11.
Bf3 Qxc4 12. Na3 Qb4 13. Rb1 Qa5 14. Nc4 Qc7 15. Nxd6+ Qxd6 16. Qe2 Be6 17. Bxb7 Rb8 18. Bf3 O-O 19. d3 Nd5 20. Bxd5 Bxd5 21. a4 h6 22. Qg4 Rfe8 23. Bf4 Qb6 24. Bxb8 Qxb8 25. a5 Qxb5 26. h4 Rxe1+ 27. Rxe1 Be6 28. Rxe6 fxe6 29.
Qxe6+ Kh8 30. Qc8+ Kh7 31. Qf5+ Kg8 32. Qe6+ Kf8 33.
Qc8+ Kf7 34. Qc7+ Kg6 35. Qd6+ Kh7 36. h5 Qxd3 37. Qxc5 Qe4 38. a6 d3 39. Qxa7 d2 40. Qd7 Qb1+ 41. Kh2 d1=Q 42. Qf5+ Qxf5 0-1

[Event "Early-Titled-Tuesday-Blitz-February-20-2024"]
[Site "Chess.com"]
[Date "2024.02.20"]
[Round "8"]
[White "Yan_Dyomin2010"]
[Black "Beca95"]
[Result "0-1"]
[WhiteElo "2730"]
[BlackElo "2887"]
[TimeControl "180+1"]
[EndTime "9:30:47 PST"]
[Termination "Beca95 won on time"]

1. e4 c6 2. d4 d5 3. e5 Bf5 4. Nf3 e6 5. Be2 Bb4+ 6. c3 Ba5 7. O-O Nd7 8. Nbd2 Ne7 9. Re1 h6 10. Nf1 Bh7 11. Ng3 Nf5 12. Bd3 Nxg3 13. Bxh7 Rxh7 14. hxg3 Qe7 15. Qd3 Rh8 16. a4 Bc7 17. b4 Nb6 18.
b5 Nc4 19. Nd2 Nxd2 20. Qxd2 Ba5 21. Ba3 Qd7 22. Reb1 cxb5 23. Rxb5 b6 24. Rab1 Rc8 25. Qb2 f6 26. Qe2 h5 27. Bd6 Kf7 28. R5b3 Rc4 29. Bb4 Bxb4 30. Rxb4 Rxc3 31. a5 bxa5 32. Rb5 a4 33.
Qd2 Rc7 34. exf6 gxf6 35. Qb4 Kg6 36. Qxa4 a6 37. R5b4 Qxa4 38. Rxa4 Rc6 39. Rba1 Ra8 40. Kf1 Kf5 41. f3 Rc4 42. Rxc4 dxc4 43. Ra5+ Kg6 44. Ke2 Kh6 45. Kd2 Rg8 46. Rxa6 Rxg3 47. Rxe6 Rxg2+ 48. Kc3 Kg7 49. Kxc4 h4 50. Re4 h3 51. Rh4 h2 52. d5 Rd2 53. Kc5 Kg6 54. d6 Kg5 55. Rh8 Kf4 56. Rh3 Ke5 57. Rh5+ f5 58. d7 Rxd7 59.
Rxh2 Kf4 60. Rf2 Ke3 61. Rf1 f4 62. Kc4 Ke2 63. Rh1 Kxf3 64. Kc3 Kg2 65. Rh8 f3 66. Rg8+ Kf1 67. Re8 f2 68. Kc2 Rg7 0-1

[Event "Early-Titled-Tuesday-Blitz-February-20-2024"]
[Site "Chess.com"]
[Date "2024.02.20"]
[Round "8"]
[White "Byniolus"]
[Black "JiaHaoxiang"]
[Result "1-0"]
[WhiteElo "2830"]
[BlackElo "2627"]
[TimeControl "180+1"]
[EndTime "9:30:47 PST"]
[Termination "Byniolus won by resignation"]

1. d4 d5 2. Bf4 c5 3. e3 Nc6 4.
c3 Nf6 5. Nd2 e6 6. Ngf3 Bd6 7.
Bg3 O-O 8. Bd3 b6 9. Ne5 Bb7 10. f4 Ne7 11. Qb1 g6 12. Bf2 Bxe5 13. fxe5 Ng4 14.
O-O Nxf2 15. Rxf2 Nf5 16. Qe1 Qg5 17. Rf4 cxd4 18. cxd4 Rac8 19. Nf3 Qe7 20. g4 Ng7 21. Qf2 f5 22. exf6 Rxf6 23. Rxf6 Qxf6 24. Ne5 Qxf2+ 25. Kxf2 Ne8 26. Kg3 Nd6 27. Rf1 Rc7 28. h4 Kg7 29. h5 g5 30. h6+ Kg8 31. Rh1 Nf7 32. Nxf7 Rxf7 33. Rh5 Bc6 34. Rxg5+ Kf8 35. Re5 Ke7 36. g5 Be8 37. e4 dxe4 38. Bxe4 Kd6 39. a3 a5 40. g6 hxg6 41. Bxg6 Rf8 42. Bxe8 Rxe8 43. h7 Rh8 44. Rh5 Ke7 45. Kf4 Kf6 46. Rh2 Kg6 47. Ke5 1-0

[Event "Early-Titled-Tuesday-Blitz-February-20-2024"]
[Site "Chess.com"]
[Date "2024.02.20"]
[Round "8"]
[White "Juicy_Fork"]
[Black "agvega14"]
[Result "1-0"]
[WhiteElo "2490"]
[BlackElo "2225"]
[TimeControl "180+1"]
[EndTime "9:30:48 PST"]
[Termination "Juicy_Fork won by resignation"]

1. e4 c5 2. Nf3 a6 3. c3 Nf6 4. e5 Nd5 5. d4 cxd4 6. cxd4 e6 7. Nc3 Nxc3 8. bxc3 Qc7 9. Bd2 d6 10. Bd3 Nd7 11. exd6 Bxd6 12. O-O h6 13. c4 b6 14. Be4 Rb8 15. Rc1 O-O 16. Bb1 Nf6 17. Ne5 Rd8 18.
Qc2 Bb7 19. Rfe1 Rbc8 20. h3 Ba8 21. Ng4 Qb7 22. Nxf6+ gxf6 23. Qh7+ Kf8 24. Bxh6+ Ke7 25. d5 e5 26. Bg6 Rf8 27. Bxf8+ Rxf8 28. f4 b5 29. fxe5 Bxe5 30. Qh4 Kd8 31. Rxe5 fxg6 32. Re6 bxc4 33. Rxf6 Qe7 34. Rxf8+ Kd7 35. Qxe7+ Kxe7 36. Rxa8 1-0

[Event "Early-Titled-Tuesday-Blitz-February-20-2024"]
[Site "Chess.com"]
[Date "2024.02.20"]
[Round "8"]
[White "Sam_ChessMood"]
[Black "rquery98"]
[Result "1-0"]
[WhiteElo "2944"]
[BlackElo "2775"]
[TimeControl "180+1"]
[EndTime "9:30:49 PST"]
[Termination "Sam_ChessMood won by resignation"]

1. d4 Nf6 2. c4 g6 3. Nc3 Bg7 4. e4 d6 5. Be2 O-O 6. Be3 c5 7.
d5 e6 8. Nf3 exd5 9. cxd5 Bg4 10. Nd2 Bxe2 11. Qxe2 Re8 12. O-O Na6 13. a3 Nc7 14. a4 Rb8 15. Kh1 a6 16. a5 Qd7 17.
f3 Nb5 18. Nc4 Nh5 19. Qd3 f5 20. Rae1 f4 21. Bf2 Be5 22. Nxe5 Rxe5 23. Nb1 Nf6 24. Nd2 Qe7 25. Nc4 Nd7 26. Qd2 Rf8 27. b4 cxb4 28.
Qxb4 Rh5 29. Re2 Ne5 30. Nxe5 Qxe5 31. Rc1 Qg5 32. Rec2 Qh6 33. Bg1 Re5 34. Rc8 Ree8 35. Rxe8 Rxe8 36. h3 Qg5 37. Bd4 Qe7 38. Ba1 Qf8 39.
Qb2 Kf7 40. Qf6+ Kg8 41. Qh8+ Kf7 42. Qxh7+ 1-0

[Event "Early-Titled-Tuesday-Blitz-February-20-2024"]
[Site "Chess.com"]
[Date "2024.02.20"]
[Round "8"]
[White "Makswolf200817"]
[Black "artin10862"]
[Result "0-1"]
[WhiteElo "2749"]
[BlackElo "2912"]
[TimeControl "180+1"]
[EndTime "9:30:49 PST"]
[Termination "artin10862 won on time"]

1. d4 d5 2. c4 dxc4 3. Nf3 a6 4. e3 Bg4 5. Bxc4 e6 6. h3 Bh5 7. Nc3 Nf6 8. O-O c5 9. g4 cxd4 10. Qxd4 Qxd4 11. Nxd4 Bg6 12. f4 Bc5 13. Be2 Bxd4 14. exd4 Nc6 15. Be3 Rd8 16. Rad1 O-O 17. h4 h6 18. h5 Bh7 19. g5 Nd5 20. Nxd5 Rxd5 21. Bf3 Rb5 22. Rf2 Ne7 23. Rc1 Nf5 24. Rc3 Rd8 25.
Be4 Nxe3 26. g6 Bxg6 27. hxg6 Nd1 28. gxf7+ Kf8 29. Rc7 Nxf2 30. Kxf2 Rxd4 31. Bxb7 Rxf4+ 32. Ke3 Rxf7 33. Rc8+ Ke7 34. Bxa6 Rxb2 35. a4 Rf8 36. Rc7+ Kf6 37. Bc4 Ra8 38. Bb5 Rb4 0-1

[Event "Early-Titled-Tuesday-Blitz-February-20-2024"]
[Site "Chess.com"]
[Date "2024.02.20"]
[Round "8"]
[White "Lady_Nika"]
[Black "Atousa"]
[Result "1-0"]
[WhiteElo "2564"]
[BlackElo "2441"]
[TimeControl "180+1"]
[EndTime "9:30:50 PST"]
[Termination "Lady_Nika won by resignation"]

1. d4 Nf6 2. e3 d5 3. f4 Bf5 4. Nf3 c5 5. c3 e6 6. Bd3 Nc6 7.
O-O Be7 8. Qe2 O-O 9. Nbd2 a6 10.
Ne5 Rc8 11. Rf3 Ne4 12. h3 f6 13. Nxc6 Rxc6 14. g4 Bg6 15. h4 Nxd2 16. Bxd2 Bxd3 17. Qxd3 Qe8 18. f5 c4 19. Qf1 Bd6 20. Qg2 Bb8 21.
fxe6 Qxe6 22. Rf5 Rd8 23. Raf1 Rc7 24. b3 b5 25. h5 h6 26. R1f3 Re7 27. Be1 Qe4 28.
Bh4 cxb3 29. axb3 a5 30. c4 bxc4 31. bxc4 dxc4 32. Bxf6 gxf6 33. Rxf6 Rg7 34. Rf8+ Kh7 35. Rxd8 Qxg4 36. Qxg4 Rxg4+ 37. Kf2 Bc7 38. Rd7+ Rg7 39.
Rff7 Bg3+ 40. Kf3 Rxf7+ 41. Rxf7+ Kg8 42. Ra7 c3 43. Rxa5 c2 44. Rc5 Bh4 45. Rxc2 Bg5 46. Rg2 Kf7 47. Rxg5 hxg5 48. Kg4 Kf6 49. e4 Ke6 50.
Kxg5 1-0

[Event "Early-Titled-Tuesday-Blitz-February-20-2024"]
[Site "Chess.com"]
[Date "2024.02.20"]
[Round "8"]
[White "pedro_nascimento85"]
[Black "arnash_bauyrzhan"]
[Result "0-1"]
[WhiteElo "2119"]
[BlackElo "2261"]
[TimeControl "180+1"]
[EndTime "9:30:51 PST"]
[Termination "arnash_bauyrzhan won by resignation"]

1. d4 d5 2. c4 e6 3. Nc3 Be7 4. cxd5 exd5 5. Bf4 c6 6. Qc2 g6 7. e3 Bf5 8. Bd3 Bxd3 9. Qxd3 Bd6 10. Nge2 Bxf4 11.
Nxf4 Ne7 12. O-O O-O 13. b4 Qd6 14. Rab1 Nd7 15. b5 Nb6 16. bxc6 bxc6 17. a4 Nc4 18. Nfe2 a5 19. e4 Rab8 20. e5 Qe6 21. h3 Qf5 22.
Qxf5 Nxf5 23. Rfd1 Rb4 24. Rxb4 axb4 25. Na2 b3 26.
Nac3 b2 27. Rb1 Rb8 28. Nd1 Ra8 29. Ndc3 c5 30. Nxd5 cxd4 31. g4 d3 32. Nec3 Nd4 33. Nf4 d2 34. Kf1 g5 35. Nfe2 Nb3 36. Nd4 Nxd4 37. f4 gxf4 38. Kf2 Rb8 39. h4 Na3 40. Rxb2 Rxb2 0-1

[Event "Early-Titled-Tuesday-Blitz-February-20-2024"]
[Site "Chess.com"]
[Date "2024.02.20"]
[Round "8"]
[White "Inepton_Fermion"]
[Black "maurovargas01"]
[Result "1-0"]
[WhiteElo "2387"]
[BlackElo "1869"]
[TimeControl "180+1"]
[EndTime "9:30:51 PST"]
[Termination "Inepton_Fermion won by checkmate"]

1. Nf3 Nc6 2. b3 e5 3. Bb2 f5 4. c4 d6 5. g3 Nf6 6. Bg2 g6 7. O-O Bg7 8. h4 h6 9. d3 O-O 10. Nc3 Kh7 11. Qc2 Nd4 12. Nxd4 exd4 13. Nd5 Ng4 14. c5 c6 15. Nf4 d5 16. b4 g5 17.
hxg5 hxg5 18. Nh3 Qf6 19. b5 Rh8 20. Qd2 Kg6 21. Rab1 Rh7 22. e3 dxe3 23. fxe3 Qe7 24. Bxg7 Rxg7 25. e4 dxe4 26. dxe4 fxe4 27. Rbe1 Qxc5+ 28. Kh1 Bf5 29. Qxg5+ Kf7 30. Rxf5+ Qxf5 31. Qxf5+ Nf6 32.
Ng5+ Kg8 33. Qxf6 Rf8 34. Qe6+ Kh8 35. Qh6+ Kg8 36. Bxe4 cxb5 37. Bh7+ Kh8 38. Bc2+ Kg8 39. Bb3+ Rff7 40. Re8# 1-0

[Event "Early-Titled-Tuesday-Blitz-February-20-2024"]
[Site "Chess.com"]
[Date "2024.02.20"]
[Round "8"]
[White "Iskusnyh"]
[Black "ExchangeAB"]
[Result "1-0"]
[WhiteElo "2675"]
[BlackElo "2454"]
[TimeControl "180+1"]
[EndTime "9:30:53 PST"]
[Termination "Iskusnyh won on time"]

1. d4 d5 2. c4 c6 3. Nf3 Nf6 4. e3 Bf5 5. Nc3 e6 6. Nh4 Bg4 7. Qb3 Qb6 8. h3 Bh5 9. g4 Bg6 10. Nxg6 hxg6 11. g5 Nfd7 12. Bg2 Be7 13. e4 Qxb3 14. axb3 dxe4 15. Nxe4 Na6 16. Bf4 Nb4 17. O-O Nd3 18. Nd6+ Kf8 19. Bg3 Bxg5 20. Nxb7 Nf4 21.
Ra5 Ne2+ 22. Kh2 Bd8 23. Nxd8 Rxd8 24. Bc7 Rc8 25. Bd6+ Kg8 26. Rd1 g5 27. Rxg5 f6 28. Ra5 g5 29. Rxa7 Nf8 30. Rd2 Nf4 31. Bxf4 gxf4 32.
Be4 f5 33. Bf3 Rh7 34. Ra6 c5 35. dxc5 Rxc5 36. Rd8 Rf7 37. Raa8 Kg7 38. Bh5 Rf6 39.
Ra7+ Kh6 40. Bf3 e5 41. Bd5 e4 42. b4 Rxd5 43. Rxd5 f3 44. b5 Rg6 45. Ra6 Ne6 46. Rxf5 1-0